 Dungeon Crawl Stone Soup version 0.31-a0-167-g1c394c0614 (webtiles) character file.

Game seed: 12066846880389726601

102 Anon1729 the Trooper (level 4, -2/31 (41) HPs)
             Began as a Minotaur Monk on June 14, 2023.
             Slain by Terence
             ... wielding a +0 flail of draining
              (3 damage)
             ... on level 2 of the Dungeon.
             The game lasted 00:01:09 (1590 turns).

Anon1729 the Trooper (Minotaur Monk)                Turns: 1590, Time: 00:01:09

HP:   -2/31 (41)    AC:  2    Str: 16    XL:     4   Next: 49%
MP:   4/4           EV: 13    Int:  7    God:
Gold: 90            SH:  0    Dex: 14    Spells: 3/3 levels left

rFire   . . .        a - +0 short sword
rCold   . . .        d - orb {light}
rNeg    . . .        b - +0 robe
rPois   .            (helmet restricted)
rElec   .            (no cloak)
rCorr   .            (no gloves)
SInv    .            (no boots)
Will    .....        (no amulet)
Stlth   +            (no ring)
HPRegen 0.25/turn    (no ring)
MPRegen 0.09/turn

%: no passive effects
@: glowing, heavily drained
A: horns 2, retaliatory headbutt
a: no special abilities


You were on level 2 of the Dungeon.
You visited 1 branch of the dungeon, and saw 2 of its levels.

You collected 90 gold pieces.

Inventory:

Hand Weapons
 a - a +0 short sword (weapon)
Armour
 b - a +0 robe (worn)
 d - an orb of light (worn)
Jewellery
 m - a ring of flight
Scrolls
 f - 2 scrolls of noise {unknown}
 g - 4 scrolls of identify {unknown}
 h - a scroll of fear {unknown}
 i - 2 scrolls of revelation {unknown}
 j - 2 scrolls of amnesia {unknown}
 l - a scroll of teleportation {unknown}
Potions
 c - 2 potions of ambrosia
 e - a potion of curing
 k - a potion of cancellation {unknown}


   Skills:
 + Level 4.3 Fighting
 + Level 3.9 Short Blades
 + Level 2.1 Armour
 + Level 3.8 Dodging
 + Level 1.6 Invocations


You had 3 spell levels left.
You didn't know any spells.
Your spell library was empty.

Dungeon Overview and Level Annotations

Branches:
Dungeon (2/15)

Altars:

Annotations:
D:2 Terence


Innate Abilities, Weirdness & Mutations

You have a pair of horns on your head.
You reflexively headbutt those who attack you in melee.


Message History

Terence closely misses you.
You hit Terence but do no damage. You hit Terence but do no damage.
Terence barely misses you. You furiously retaliate!
You headbutt Terence.
It was a potion of curing.
You feel better. Terence completely misses you.
You hit Terence but do no damage.
Terence is moderately wounded.
Terence closely misses you.
You hit Terence but do no damage.
Terence is moderately wounded.
Terence closely misses you.
You hit Terence but do no damage.
Terence is lightly wounded.
Terence hits you with a +0 flail of draining.
You feel drained.
You hit Terence but do no damage. You headbutt Terence, but do no damage.
Terence is lightly wounded.
You hit Terence. You headbutt Terence, but do no damage.
Terence is moderately wounded.
Terence barely misses you.
You hit Terence but do no damage. You headbutt Terence, but do no damage.
Terence is moderately wounded.
Terence hits you with a +0 flail of draining.
You feel drained.
You hit Terence but do no damage. You headbutt Terence, but do no damage.
Terence is moderately wounded.
Terence closely misses you.
You hit Terence but do no damage.
Terence is moderately wounded.
Terence hits you with a +0 flail of draining.
You feel drained.
* * * LOW HITPOINT WARNING * * *
You hit Terence. You headbutt Terence, but do no damage.
Terence is heavily wounded.
You hit Terence but do no damage.
Terence is heavily wounded.
Terence hits you with a +0 flail of draining!
* * * LOW HITPOINT WARNING * * *
You feel drained.
You die...

......##...# #.#.#
.......)##.# #.#.#
+####.###..# #.#.#
.####.....####.#.#
...............#.#
################.#
#.# #.# #@# #@#
#.# #.# ..# #.#
###


You could see Terence.

Vanquished Creatures
  Natasha (D:2)
  2 adders (D:2)
  2 dart slugs
  4 endoplasms
  A giant cockroach (D:1)
  6 goblins
  3 hobgoblins
  4 jackals (D:1)
  3 quokkas (D:1)
  8 ball pythons
  7 bats
  A frilled lizard (D:2)
  6 kobolds
  3 rats
51 creatures vanquished.

Notes
Turn   | Place    | Note
-------+----------+-------------------------------------------
     0 | D:1      | Anon1729 the Minotaur Monk began the quest for the Orb.
     0 | D:1      | Reached XP level 1. HP: 19/19 MP: 0/0
    85 | D:1      | Reached XP level 2. HP: 18/27 MP: 1/1
   243 | D:1      | Reached skill level 1 in Armour
   352 | D:1      | Reached skill level 4 in Fighting
   356 | D:1      | Reached skill level 1 in Invocations
   356 | D:1      | Reached XP level 3. HP: 5/33 MP: 2/2
  1056 | D:2      | Noticed Natasha
  1063 | D:2      | Killed Natasha
  1064 | D:2      | Reached XP level 4. HP: 38/40 MP: 2/4
  1572 | D:2      | Noticed Terence
  1590 | D:2      | HP: 1/33 [Terence/+0 flail of draining (8)]
  1590 | D:2      | Slain by Terence

Illustrated notes

Levels and vault maps discovered:
D:1:      evilmike_arrival_plus, layout_basic
D:2:      layout_basic, minmay_pentomino_s2, uniq_natasha, uniq_terence

Skill      XL: |  1  2  3  4 |
---------------+-------------+-----
Armour         | 1 2 |  2.1
Fighting       | 4 |  4.3
Invocations    | 1 |  1.6
Short Blades   | |  3.9
Dodging        | |  3.8

Action                     |  1- 3 |  4- 6 || total
---------------------------+-------+-------++-------
  Melee: Short sword       |    81 |    39 ||   120
         Headbutt          |    18 |    11 ||    29
    Use: Potion            |       |     1 ||     1
 Armour: Robe              |    11 |     6 ||    17
  Dodge: Dodged            |    37 |    15 ||    52

Table legend: (Time is in decaauts)
 A = Elapsed time spent in this place.
 B = Non-inter-level travel time spent in this place.
 C = Inter-level travel time spent in this place.
 D = Time resting spent in this place.
 E = Time spent auto-exploring this place.
 F = Levels seen in this place.
 G = Mean time per level.
                   A        B        C        D        E       F      G
               +--------+--------+--------+--------+--------+-----+--------+
         Total |   1568 |   1559 |      9 |    108 |   1201 |   2 |  784.0 |
       Dungeon |   1568 |   1559 |      9 |    108 |   1201 |   2 |  784.0 |
               +--------+--------+--------+--------+--------+-----+--------+

Top non-repeatable levels by time:
     D:2: 786 daAuts
     D:1: 781 daAuts
